 Dungeon Crawl Stone Soup version 0.22.0-6-g71bd7aa (webtiles) character file.

41 Lauz the Sneak (level 3, -6/27 HPs)
             Began as a Vampire Assassin on Aug 15, 2018.
             Killed from afar by Natasha (12 damage)
             ... with a magic dart
             ... on level 3 of the Dungeon.
             The game lasted 00:07:12 (1917 turns).

Lauz the Sneak (Vampire Assassin)                   Turns: 1917, Time: 00:07:12

Health: -6/27      AC:  0    Str: 10    XL:     3   Next: 32%
Magic:  1/3        EV: 19    Int: 13    God:
Gold:   139        SH:  0    Dex: 21    Spells: 2/2 levels left

rFire    . . .     SeeInvis +   (weapon currently unavailable)
rCold    + . .     Gourm    .   (shield currently unavailable)
rNeg     + + .     Faith    .   (armour currently unavailable)
rPois    +         Spirit   .   (helmet currently unavailable)
rElec    .         Reflect  .   (cloak currently unavailable)
rCorr    .         Harm     .   (gloves currently unavailable)
MR       .....                  (boots currently unavailable)
Stlth    ++++++....             (no amulet)
HPRegen  0.04/turn              (ring currently unavailable)
MPRegen  0.08/turn              (ring currently unavailable)

@: bat-form, flying, regenerating slowly, very quick
A: tiny, fangs 3, see invisible
a: End Transformation


You were on level 3 of the Dungeon.
You were very thirsty.
You were in vampire-bat-form.
You visited 1 branch of the dungeon, and saw 3 of its levels.

You collected 139 gold pieces.

Inventory:

Hand Weapons
 a - a +2 dagger (melded)
 b - a +0 blowgun
Missiles
 e - 20 poisoned needles
 f - 2 curare-tipped needles
Armour
 c - a +0 robe (melded)
 d - a +0 cloak (melded)
Jewellery
 k - a cursed ring of attention {unknown}
Wands
 p - a wand of acid (7)
Scrolls
 h - 3 scrolls of remove curse {unknown}
 i - 2 scrolls of amnesia {unknown}
 j - 2 scrolls of fear {unknown}
 l - 2 scrolls of identify {unknown}
 n - a scroll of noise {unknown}
 o - a scroll of magic mapping {unknown}
 r - 2 scrolls of immolation {unknown}
 u - a scroll of enchant armour {unknown}
 x - a scroll of teleportation {unknown}
Potions
 g - 5 potions of blood
 m - 3 potions of curing {unknown}
 q - 2 potions of agility {unknown}
 s - a potion of magic {unknown}
 t - 3 potions of heal wounds {unknown}
 v - a potion of might {unknown}
 w - a potion of invisibility {unknown}


   Skills:
 - Level 1.7 Fighting
 * Level 3.0 Short Blades
 + Level 1.8 Throwing
 + Level 1.7 Dodging
 * Level 6.6 Stealth


You had 2 spell levels left.
You didn't know any spells.
Your spell library was empty.

Dungeon Overview and Level Annotations

Branches:
Dungeon (3/15)

Altars:
Elyvilon

Annotations:
D:3 Natasha


Innate Abilities, Weirdness & Mutations

You heal slowly.
You have razor-sharp teeth.
You have supernaturally acute eyesight. (SInv)
((You can survive without breathing.))


Message History

You resist with some effort.
Natasha wildly gestures.
Natasha shimmers violently.
You see here an adder corpse.
Natasha claws you. Natasha claws you but does no damage.
Natasha mumbles some strange words.
Natasha wildly gestures.
You feel troubled.
The crimson imp blinks!
Natasha stares at you and mumbles some strange words.
The magic dart hits you!
* * * LOW HITPOINT WARNING * * *
Found a runed whip.
The crimson imp blinks!
You turn into a vampire bat.
Your +2 dagger melds into your body.
Your +0 cloak melds into your body.
Your +0 robe melds into your body.
Natasha casts a spell at you. The magic dart hits you!
You die...

# #......ยง...# #
#..........# # #......h...#
# #.########.# # #.# #.# #
#.# #.# # #)# #h# # #.# #.#
# #.# #b# ####### #.#
#)....... .......
#.#########################
#...........(..............
###########################


You could see Natasha.

Vanquished Creatures
  2 adders
  A worm (D:3)
  A leopard gecko (D:2)
  A giant cockroach (D:1)
  2 hobgoblins
  2 quokkas (D:3)
  3 bats
  2 frilled lizards
  2 goblins (D:1)
  3 kobolds (D:1)
  2 rats
21 creatures vanquished.

Notes
Turn   | Place    | Note
-------+----------+-------------------------------------------
     0 | D:1      | Lauz the Vampire Assassin began the quest for the Orb.
     0 | D:1      | Reached XP level 1. HP: 16/16 MP: 1/1
   181 | D:1      | Reached skill level 6 in Stealth
   528 | D:1      | Reached XP level 2. HP: 22/22 MP: 2/2
   811 | D:2      | Found a white marble altar of Elyvilon.
  1689 | D:3      | Reached XP level 3. HP: 25/27 MP: 3/3
  1860 | D:3      | Noticed Natasha
  1917 | D:3      | Killed from afar by Natasha

Skill      XL: |  1  2  3 |
---------------+----------+-----
Stealth        | 6 |  6.6
Short Blades   | 3 |  3.0
Fighting       | |  1.7
Throwing       | |  1.8
Dodging        | |  1.7

Action                   || total
-------------------------++-------
Melee: Dagger            ||    73
       Bite              ||    13
 Abil: Bat Form          ||     1
  Use: Potion            ||     1
 Stab: Sleeping          ||    13
Armor: Robe              ||     8
Dodge: Dodged            ||    18
